 Dungeon Crawl Stone Soup version 0.19.1-1-g22dce08 (webtiles) character file.

62 theAP the Grave Robber (level 3, 0/25 HPs)
             Began as a Demonspawn Necromancer on Dec 31, 2016.
             Succumbed to an adder's poison
             ... on level 2 of the Dungeon.
             The game lasted 00:05:17 (956 turns).

theAP the Grave Robber (Demonspawn Necromancer)      Turns: 956, Time: 00:05:18

Health: 0/25       AC:  4    Str:  8    XL:     3   Next: 85%
Magic:  1/6        EV: 11    Int: 17    God:
Gold:   59         SH:  0    Dex: 13    Spells: 1 memorised, 6 levels left

rFire  + . .     SeeInvis +     d - +0 mace
rCold  . . .     Gourm    .     m - +1 leather armour
rNeg   . . .     Faith    .     (no shield)
rPois  .         Spirit   .     j - +0 hat {SInv}
rElec  .         Reflect  .     (no cloak)
rCorr  .         Harm     .     (no gloves)
MR     .....                    (no boots)
Stlth  ++........               (no amulet)
                                (no ring)
                                (no ring)

@: lethally poisoned (0 -> -4)
A: fire resistance 1
a: no special abilities


You were on level 2 of the Dungeon.
You were not hungry.

You visited 1 branch of the dungeon, and saw 2 of its levels.

You collected 59 gold pieces.

Inventory:

Hand Weapons
 d - a +0 mace (weapon)
Armour
 a - a +0 robe
 j - a +0 hat of see invisible (worn)
 m - a +1 leather armour (worn)
Jewellery
 i - an uncursed ring of magical power {unknown}
Scrolls
 e - 2 scrolls of remove curse
 f - a scroll of blinking
Books
 b - a book of Necromancy

   Spells                             Type                      Level
   a - Pain                           Necromancy                   1
   b - Animate Skeleton               Necromancy                   1
   c - Vampiric Draining              Necromancy                   3
   d - Regeneration                   Charms/Necromancy            3
   e - Animate Dead                   Necromancy                   4
   f - Control Undead                 Necromancy                   4
Comestibles
 c - a bread ration
 h - a meat ration
 k - a chunk of flesh


   Skills:
 * Level 0.4 Fighting
 * Level 0.5 Maces & Flails
 + Level 1.8 Dodging
 + Level 1.9 Stealth
 + Level 2.6 Spellcasting
 + Level 5.3 Necromancy


You had 6 spell levels left.
You knew the following spells:

 Your Spells              Type           Power        Failure   Level  Hunger
a - Pain                  Necr           ###.         2%          1    #......


Dungeon Overview and Level Annotations

Branches:
Dungeon (2/15)

Altars:


Innate Abilities, Weirdness & Mutations

Your flesh is heat resistant. (rF+)


Message History

The adder writhes in agony!
The adder bites you but does no damage.
Casting: Pain
Confirm with . or Enter, or press ? or * to list all spells.
You don't have enough magic to cast that spell.
Unknown command.
You miss the adder.
The adder is severely wounded.
* * * LOW HITPOINT WARNING * * *
You feel sick. The adder bites you but does no damage.
The adder closely misses you.
You closely miss the adder.
The adder is severely wounded.
* * * LOW HITPOINT WARNING * * *
You feel sick. The adder closely misses you. The adder barely misses you.
You barely miss the adder.
The adder is severely wounded.
The adder barely misses you. The adder bites you.
* * * LOW HITPOINT WARNING * * *
It was a potion of cancellation.
You feel magically purged.
You die...

### #.# #.############
#.†...@S...... #.#<..........
#.#####################
#......................
#########################
#####...........#############
#>...........................
#.###.#########.#############
#.# #.# #.# ####


You could see an adder.

Vanquished Creatures
  3 adders (D:2)
  2 dart slugs (D:1)
  2 leopard geckos
  2 bats (D:1)
  2 giant cockroaches (D:1)
  3 hobgoblins
  2 jackals (D:2)
  A kobold (D:1)
  A quokka (D:2)
  2 frilled lizards (D:1)
  4 goblins
  6 rats
30 creatures vanquished.

Notes
Turn   | Place    | Note
-------+----------+-------------------------------------------
     0 | D:1      | theAP the Demonspawn Necromancer began the quest for the Orb.
     0 | D:1      | Reached XP level 1. HP: 13/13 MP: 3/3
   115 | D:1      | Gained mutation: Your flesh is heat resistant. (rF+) [demonic ancestry]
   115 | D:1      | Reached XP level 2. HP: 15/19 MP: 3/5
   382 | D:1      | Reached skill level 5 in Necromancy
   483 | D:2      | Reached XP level 3. HP: 15/24 MP: 2/6
   955 | D:2      | HP: 1/25 [adder (3)]
   956 | D:2      | Succumbed to an adder's poison

Skill      XL: |  1  2 |
---------------+-------+-----
Necromancy     | 5 |  5.3
Fighting       | |  0.4
Maces & Flails | |  0.5
Dodging        | |  1.8
Stealth        | |  1.9
Spellcasting   | |  2.6

Action                   || total
-------------------------++-------
Melee: Mace              ||    17
       Unarmed           ||     1
 Cast: Pain              ||    57
  Use: Scroll            ||     6
       Potion            ||     1
  Eat: Chunk             ||     1
Armor: Robe              ||     1
       Leather armour    ||     5
Dodge: Dodged            ||    20
